 Dungeon Crawl Stone Soup version 0.21-a0-125-gb006224 (webtiles) character file.

5438 Manul the Carver (level 10, -2/54 HPs)
             Began as a Tengu Gladiator on July 15, 2017.
             Was an Initiate of Gozag.
             Slain by an ice beast (14 damage)
             ... on level 9 of the Dungeon.
             The game lasted 00:13:10 (10837 turns).

Manul the Carver (Tengu Gladiator)                 Turns: 10837, Time: 00:13:10

Health: -2/54      AC:  9    Str: 15    XL:     10   Next: 68%
Magic:  11/14      EV: 19    Int:  9    God:    Gozag
Gold:   444        SH:  0    Dex: 16    Spells: 9/9 levels left

rFire    . . .     SeeInvis .   I - +3 scimitar (holy)
rCold    . . .     Gourm    .   (no shield)
rNeg     . . .     Faith    .   s - +2 leather armour of Hepliaklqana's Anger {Stlth+}
rPois    .         Spirit   .   y - +2 hat
rElec    .         Reflect  .   (no cloak)
rCorr    .         Harm     .   x - +0 pair of gloves
MR       .....     Clarity  +   (boots unavailable)
Stlth    ++++......             v - amulet of rage
HPRegen  0.18/turn              (no ring)
MPRegen  0.14/turn              (no ring)

@: gold aura, flying quickly and evasively, quick
A: beak, talons 3, blurry vision 1, clarity, clumsy 1, frail 1, able to fly 1
a: Potion Petition, Call Merchant, Bribe Branch, Renounce Religion, Evoke
Berserk Rage


You were on level 9 of the Dungeon.
You worshipped Gozag.
Gozag was aware of your devotion.
You were hungry.

You visited 2 branches of the dungeon, and saw 10 of its levels.

You collected 1016 gold pieces.
You paid 572 gold pieces to Gozag.

Inventory:

Hand Weapons
 b - the +5 hand axe of the Dragonfly {elec, *Noise rPois Int+2 Stlth+}
   (You found it on level 5 of the Dungeon)

   Occasionally, upon striking a foe, it will discharge some electrical energy
   and cause terrible harm.
   It affects your intelligence (+2).
   It protects you from poison.
   It may make noises in combat.
   It makes you more stealthy.
 H - a +0 short sword of holy wrath
 I - a +3 scimitar of holy wrath (weapon)
Missiles
 d - 2 throwing nets (quivered)
Armour
 s - the +2 leather armour of Hepliaklqana's Anger (worn) {Stlth+}
   (You found it on level 5 of the Dungeon)

   It makes you more stealthy.
 t - a +0 ring mail
 x - a +0 pair of gloves (worn)
 y - a +2 hat (worn)
Jewellery
 v - an amulet of rage (around neck)
Wands
 e - a wand of confusion (23/48)
 w - a wand of random effects (29/48)
 B - a wand of disintegration (8/24)
 G - a wand of paralysis (10/24)
Scrolls
 c - a scroll of magic mapping
 h - 3 scrolls of enchant armour {unknown}
 i - a scroll of immolation {unknown}
 l - 5 scrolls of remove curse
 q - 3 scrolls of teleportation
 u - 3 scrolls of identify
 z - a scroll of fear {unknown}
 F - a scroll of enchant weapon
Potions
 o - 2 potions of ambrosia
 p - 4 potions of haste
 C - a potion of lignification
 K - 2 potions of agility
 L - a potion of heal wounds
Books
 a - a book of Conjurations

   Spells                             Type                      Level
   a - Magic Dart                     Conjuration                  1
   b - Searing Ray                    Conjuration                  2
   c - Dazzling Spray                 Conjuration/Hexes            3
   d - Fulminant Prism                Conjuration/Hexes            4
   e - Force Lance                    Conjuration/Translocation    4
   f - Iskenderun's Mystic Blast      Conjuration                  4
 A - a book of the Sky

   Spells                             Type                      Level
   a - Summon Lightning Spire         Summoning/Air                4
   b - Silence                        Hexes/Air                    5
   c - Deflect Missiles               Charms/Air                   6
   d - Conjure Ball Lightning         Conjuration/Air              6
   e - Tornado                        Air                          9
Comestibles
 f - 6 bread rations
 j - 6 meat rations
 n - 5 royal jellies
 J - 3 fruits


   Skills:
 + Level 6.6 Fighting
 + Level 11.1 Long Blades
 + Level 2.0 Throwing
 + Level 6.7 Armour
 + Level 6.7 Dodging
 + Level 4.8 Stealth
 + Level 4.0 Evocations


You had 9 spell levels left.
You didn't know any spells.

Dungeon Overview and Level Annotations

Branches:
Dungeon (9/15)             Temple (1/1) D:4            Lair (0/6) D:8
    Orc: D:9-12

Altars:
Ashenzari
Cheibriados
Dithmenos
Elyvilon
Fedhas
Gozag
Hepliaklqana
Kikubaaqudgha
Makhleb
Nemelex Xobeh
Okawaru
Qazlal
Ru
Sif Muna
Trog
Uskayaw
Vehumet
Wu Jian
Xom
Yredelemnul
Zin
The Shining One

Shops:
D:4 %:   D:8 *

Annotations:
D:5 Ijyb
D:9 Erolcha


Innate Abilities, Weirdness & Mutations

You have a beak for a mouth.
You have claws for feet.
You can fly.
Scrolls take you a little longer to read.
You possess an exceptional clarity of mind.
You are clumsy. (Dex -2)
You are frail. (-10% HP)


Message History

The bullfrog barely misses you.
You riposte.
You slash the bullfrog!
You kill the bullfrog!
Erolcha is distracted by the nearby gold.
You slash Erolcha!
Erolcha is no longer distracted by gold.
Erolcha is lightly wounded.
Erolcha hits you with a giant club!
The ice beast hits you but does no damage.
You are too injured to fight recklessly!
You are too injured to fight recklessly!
Okay, then.
You swoop lightly up into the air.
You feel very comfortable in the air.
You feel somewhat more hungry. The ice beast barely misses you.
Erolcha hits you with a giant club!
* * * LOW HITPOINT WARNING * * *
You fail to use your ability.
The ice beast hits you.
* * * LOW HITPOINT WARNING * * *
The ice beast freezes you!
You die...
Your body crumbles into a pile of gold.

############## ..
.#.#.#.#.#.#.## .###
..............##... $
.#)#.#.#.#.#.#...# ###
..)..............##...
.#)#<#.#.#$#.#..#...# #
#...)..#......$...###..#
..<....#................
#.............$.@Y###.
#................O......
#......#.........###....
#......#........... ...
#......#.........### .
########.........#
#.........# $ .........#


You could see Erolcha and an ice beast.

Vanquished Creatures
  The ghost of dricus the Cudgeler, a novice FoAK of Lugonu (D:4)
  A cyclops (D:8)
  The ghost of dricus the Thaumaturge, a novice DECj (D:5)
  3 hippogriffs (D:7)
  A spriggan (D:7)
  2 porcupines (D:8)
  An ice beast (D:9)
  6 orc warriors
  A sky beast (D:5)
  2 ogres
  2 black bears
  A necrophage (D:7)
  A phantom (D:6)
  A centaur (D:7)
  A crocodile (D:8)
  5 bullfrogs
  A scorpion (D:4)
  2 howler monkeys
  5 wights (D:9)
  3 crimson imps
  A jelly (D:7)
  A quasit (D:8)
  A centaur zombie (D:5)
  7 orc priests
  5 hounds
  4 orc wizards
  A bullfrog skeleton (D:4)
  A gnoll shaman (D:4)
  4 iguanas
  3 worker ants (D:4)
  2 worker ant zombies
  12 adders
  11 gnolls
  A shadow imp (D:6)
  An ooze (D:1)
  3 adder skeletons
  4 worms
  2 dart slugs
  5 leopard geckos
  37 orcs
  7 bats
  7 giant cockroaches
  8 goblins
  6 hobgoblins
  17 jackals
  3 quokkas
  A ball python (D:1)
  2 frilled lizards
  12 kobolds
  A leopard gecko skeleton (D:6)
  8 rats
219 creatures vanquished.

Vanquished Creatures (others)
  A hound (D:6)
1 creature vanquished.

Grand Total: 220 creatures vanquished

Notes
Turn   | Place    | Note
-------+----------+-------------------------------------------
     0 | D:1      | Manul the Tengu Gladiator began the quest for the Orb.
     0 | D:1      | Reached XP level 1. HP: 12/12 MP: 2/2
   113 | D:1      | Reached XP level 2. HP: 9/17 MP: 3/3
   663 | D:1      | Reached XP level 3. HP: 12/21 MP: 4/4
  1097 | D:2      | Reached skill level 1 in Armour
  1312 | D:2      | Reached XP level 4. HP: 27/27 MP: 5/5
  1331 | D:2      | Found a radiant altar of Vehumet.
  1336 | D:2      | Reached skill level 4 in Long Blades
  1338 | D:2      | Found a burning altar of Makhleb.
  1466 | D:2      | Reached skill level 1 in Stealth
  2105 | D:3      | Gained mutation: You are clumsy. (Dex -2) [potion of mutation]
  2105 | D:3      | Gained mutation: You are frail. (-10% HP) [potion of mutation]
  2105 | D:3      | Gained mutation: Scrolls take you a little longer to read. [potion of mutation]
  2105 | D:3      | Gained mutation: You possess an exceptional clarity of mind. [potion of mutation]
  2123 | D:3      | Gained mutation: You can fly. [Tengu growth]
  2123 | D:3      | Reached XP level 5. HP: 27/27 MP: 6/6
  2748 | D:3      | Found a blossoming altar of Fedhas.
  3087 | D:3      | Reached skill level 5 in Long Blades
  3221 | D:3      | Reached XP level 6. HP: 25/32 MP: 7/7
  3698 | D:4      | Noticed dricus's ghost (novice FoAK)
  3706 | D:4      | Killed dricus's ghost
  3706 | D:4      | Reached skill level 6 in Long Blades
  3706 | D:4      | Reached XP level 7. HP: 30/36 MP: 4/8
  4079 | D:4      | Found a shadowy altar of Dithmenos.
  4172 | D:4      | Reached skill level 7 in Long Blades
  4172 | D:4      | Reached XP level 8. HP: 39/42 MP: 9/9
  4276 | D:4      | Found Odycw's Book Shop.
  4335 | D:4      | Found Icaist's Food Shoppe.
  5066 | D:4      | Found a staircase to the Ecumenical Temple.
  5122 | Temple   | Entered the Ecumenical Temple
  5286 | Temple   | Became a worshipper of Gozag Ym Sagoz the Greedy
  5583 | D:5      | Entered Level 5 of the Dungeon
  5713 | D:5      | Noticed dricus's ghost (novice DECj)
  5722 | D:5      | Got a steaming hand axe
  5723 | D:5      | Identified the +5 hand axe of the Dragonfly {elec, *Noise rPois Int+2 Stlth+} (You found it on level 5 of the Dungeon)
  5735 | D:5      | Killed dricus's ghost
  5735 | D:5      | Reached skill level 5 in Armour
  5735 | D:5      | Reached skill level 5 in Dodging
  5735 | D:5      | Reached skill level 1 in Evocations
  5907 | D:5      | Noticed Ijyb
  6265 | D:5      | Reached skill level 8 in Long Blades
  6823 | D:5      | Got a scorched leather armour
  6834 | D:5      | Identified the +2 leather armour of Hepliaklqana's Anger {Stlth+} (You found it on level 5 of the Dungeon)
  6884 | D:5      | Reached XP level 9. HP: 36/46 MP: 11/11
  7550 | D:6      | Reached skill level 5 in Fighting
  7573 | D:5      | Reached skill level 9 in Long Blades
  8663 | D:7      | Found a shattered altar of Ashenzari.
  8992 | D:7      | Reached skill level 10 in Long Blades
  8992 | D:7      | Reached XP level 10. HP: 22/54 MP: 13/13
  9460 | D:8      | Noticed a cyclops
  9476 | D:8      | Killed a cyclops
  9998 | D:8      | Found a staircase to the Lair.
 10260 | D:8      | Found a hazy altar of Hepliaklqana.
 10261 | D:8      | Found an ornate altar of the Wu Jian Council.
 10556 | D:9      | Reached skill level 11 in Long Blades
 10829 | D:9      | Noticed Erolcha
 10837 | D:9      | Slain by an ice beast

Vault maps used:
D:1:      tarquinn_simple_flora_water_b, minmay_vboxes
D:2:      grunt_temple_overflow_open
D:3:      fedhas_altar_4
D:4:      minmay_temple_entry_nine_rooms, serial_shops, shop,
          kennysheep_mini_moat, nicolae_dithmenos_the_darkroom
D:5:      first_bread, uniq_ijyb
D:7:      the_bakery, ashenzari_altar_1
D:8:      minitemple, grunt_lair_entry_orc_guard_hut, minmay_fountain_box
D:9:      st_stairs_13, uniq_erolcha
Temple:   dpeg_five_rooms_temple

Skill      XL: |  1  2  3  4  5  6  7  8  9 10 |
---------------+-------------------------------+-----
Armour         | 1 2 4 5 6 |  6.7
Long Blades    | 4 5 6 7 8 10 11 | 11.1
Stealth        | 1 2 3 4 |  4.8
Dodging        | 4 5 6 |  6.7
Fighting       | 3 4 5 6 |  6.6
Evocations     | 1 3 4 |  4.0
Throwing       | |  2.0

Action                   |  1- 3 |  4- 6 |  7- 9 | 10-12 || total
-------------------------+-------+-------+-------+-------++-------
Melee: Long sword        |    60 |   151 |   262 |       ||   473
       Kick              |    18 |    38 |    91 |    39 ||   186
       Peck              |     8 |    27 |    57 |    30 ||   122
       Hand axe          |       |       |     4 |       ||     4
       Scimitar          |       |       |    21 |   100 ||   121
Throw: Throwing net      |       |       |     1 |       ||     1
Invok: Potion Petition   |       |       |     1 |       ||     1
       Call Merchant     |       |       |       |     1 ||     1
 Abil: Fly               |       |     3 |     8 |     7 ||    18
       Evoke Berserk Rag |       |     1 |     9 |     1 ||    11
Evoke: Wand              |       |       |     1 |       ||     1
  Use: Potion            |       |     4 |     1 |       ||     5
       Scroll            |       |       |     7 |     7 ||    14
 Stab: Sleeping          |     3 |     2 |     7 |     6 ||    18
       Held in net/web   |       |       |     2 |       ||     2
       Distracted        |       |       |     2 |     2 ||     4
  Eat: Chunk             |     1 |    20 |       |       ||    21
       Bread ration      |       |       |     5 |     1 ||     6
Armor: Leather armour    |    15 |    15 |    43 |    20 ||    93
       Skin              |       |    73 |       |       ||    73
       Ring mail         |       |    20 |    24 |       ||    44
Dodge: Dodged            |    43 |    93 |   190 |    74 ||   400
       Rpst.: Long sword |    17 |    30 |    63 |       ||   110
       Scimitar          |       |       |     2 |    18 ||    20
